 Dungeon Crawl Stone Soup version 0.21.0 (webtiles) character file.

191 tidbits the Sneak (level 5, -2/21 HPs)
             Began as a Felid Air Elementalist on Jan 7, 2018.
             Slain by an orc
             ... wielding a +0 morningstar of flaming
              (9 damage)
             ... on level 4 of the Dungeon.
             The game lasted 00:15:50 (2000 turns).

tidbits the Sneak (Felid Air Elementalist)          Turns: 2000, Time: 00:15:51

Health: -2/21      AC:  1    Str:  5    XL:     5   Next: 41%
Magic:  9/9        EV: 18    Int: 17    God:
Gold:   96         SH:  0    Dex: 16    Spells: 7/8 levels left
                                        Lives:  0   Deaths: 1

rFire    . . .     SeeInvis +     - Unarmed
rCold    . . .     Gourm    .   (shield unavailable)
rNeg     . . .     Faith    .   (armour unavailable)
rPois    .         Spirit   .   (helmet unavailable)
rElec    .         Reflect  .   (cloak unavailable)
rCorr    .         Harm     .   (gloves unavailable)
MR       .....                  (boots unavailable)
Stlth    ++++......             (no amulet)
HPRegen  0.07/turn              (no ring)
MPRegen  0.11/turn              (no ring)

@: quick
A: very small, no armour, no weapons or thrown items, stealth, claws 1, fangs 3,
see invisible, carnivore, speed 1, shaggy fur 1, slow metabolism 1, sharp paws
a: no special abilities


You were on level 4 of the Dungeon.
You were very full.

You visited 1 branch of the dungeon, and saw 5 of its levels.

You collected 96 gold pieces.

Inventory:

Missiles
 n - 39 arrows
Jewellery
 k - an uncursed ring of teleportation
   (You found it on level 2 of the Dungeon)
Scrolls
 d - a scroll of noise {unknown}
 e - a scroll of immolation
 f - 2 scrolls of identify {unknown}
 g - a scroll of random uselessness {unknown}
 j - a scroll of fear {unknown}
 m - a scroll of blinking {unknown}
 o - a scroll of amnesia {unknown}
 q - a scroll of enchant armour {unknown}
 r - 3 scrolls of remove curse
 s - a scroll of fog {unknown}
 t - a scroll of magic mapping {unknown}
Potions
 i - a potion of brilliance
 p - a potion of magic
Books
 a - a book of Air

   Spells                             Type                      Level
   a - Shock                          Conjuration/Air              1
   b - Swiftness                      Charms/Air                   2
   c - Static Discharge               Conjuration/Air              3
   d - Airstrike                      Air                          4
   e - Lightning Bolt                 Conjuration/Air              5
Comestibles
 b - 6 rations


   Skills:
 - Level 2.6 Dodging
 + Level 6.4 Stealth
 + Level 3.9 Unarmed Combat
 - Level 2.0 Spellcasting
 - Level 0.8 Conjurations
 - Level 2.6 Air Magic


You had 7 spell levels left.
You knew the following spells:

 Your Spells              Type           Power        Failure   Level  Hunger
a - Shock                 Conj/Air       #...         10%         1    #......


Dungeon Overview and Level Annotations

Branches:
Dungeon (5/15)
 Temple: D:4-7

Altars:


Innate Abilities, Weirdness & Mutations

You cannot wear armour.
You are incapable of wielding weapons or throwing items.
Your paws allow you to move quietly. (Stealth)
You have sharp claws.
You have razor-sharp teeth.
You have supernaturally acute eyesight. (SInv)
You are carnivorous and can eat meat at any time.
You cover ground quickly.
You are covered in fur. (AC +1)
You have a slow metabolism.
Your sharp claws are effective at attacking unaware monsters.


Message History

The jackal barely misses you.
The jackal bites you but does no damage.
The jackal closely misses you. The jackal closely misses you.
The jackal stops to sniff the ground.
The jackal misses you. The jackal closely misses you.
The jackal closely misses you.
As you read the scroll of teleportation, it crumbles to dust.
You feel strangely unstable.
Your surroundings suddenly seem different.
A worker ant comes into view.
The worker ant twitches its antennae in your direction.
Found a scroll of remove curse.
You see here a scroll of remove curse.
r - 3 scrolls of remove curse (gained 1)
As you read the scroll of teleportation, it crumbles to dust.
You feel strangely unstable.
Your surroundings suddenly seem different.
An iguana comes into view.
You open the door. You closely miss the orc.
The orc shouts!
You hear a shout!
The orc misses you.
You hear a shout!
You hear a shout!
There is an open door here.
You open the door. 3 orcs come into view.
An orc is wielding a morningstar of flaming.
As you read the scroll of teleportation, it crumbles to dust.
You feel strangely unstable. The orc barely misses you.
The orc wizard hits you with a dagger.
Unknown command.
Okay, then.
You closely miss the orc.
The orc shouts!
The orc misses you.
The orc wizard points at you and mumbles some strange words.
The puff of frost hits you!
* * * LOW HITPOINT WARNING * * *
You feel better. The orc misses you. The orc wizard misses you.
You barely miss the orc wizard.
The orc shouts!
You claw the orc wizard.
You bite the orc wizard, but do no damage.
The orc wizard is lightly wounded.
You hear an angry hiss.
The orc closely misses you. The orc wizard hits you with a dagger.
* * * LOW HITPOINT WARNING * * *
Casting: Shock
Confirm with . or Enter, or press ? or * to list all spells.
Aiming: Shock
Press: ? - help, Shift-Dir - straight line, f - orc
Aim: an orc, wielding a dagger and wearing a leather armour The zap hits the orc wizard.
The orc wizard is moderately wounded.
The zap hits the orc.
The orc is heavily wounded.
The zap hits the orc.
The orc is moderately wounded.
The orc wizard misses you. The orc completely misses you.
Unknown command.
Casting: Shock
Confirm with . or Enter, or press ? or * to list all spells.
Aiming: Shock
Press: ? - help, Shift-Dir - straight line, f - orc, p - orc
Aim: an orc, wielding a morningstar of flaming The zap hits the orc wizard.
The orc wizard is heavily wounded.
The zap misses the orc.
The zap hits the orc.
The orc is heavily wounded.
Your surroundings suddenly seem different.
Okay, then.
Okay, then.
The ogre completely misses you.
A worker ant comes into view.
The worker ant twitches its antennae in your direction.
There is an open door here.
The jackal completely misses you.
The worker ant twitches its antennae in your direction.
You scratch the worker ant but do no damage.
The jackal closely misses you. The worker ant closely misses you.
The worker ant bites you!
* * * LOW HITPOINT WARNING * * *
The jackal barely misses you.
The jackal barks!
The worker ant completely misses you. The jackal barely misses you.
Okay, then.
As you read the scroll of teleportation, it crumbles to dust.
You feel strangely unstable. The jackal barely misses you. x2
Your surroundings suddenly seem different.
Found 25 bolts.
An adder comes into view.
Unknown command.
The orc shouts!
The adder hisses angrily.
The iguana hisses angrily.
The orc wizard casts a spell.
The orc wizard seems to speed up.
The orc misses you.
The orc hits you with a morningstar of flaming!
You die...

##### ###### ..... ## ... #....#
..... .# .... ########....# .....
#.#...[. #(......o.o.# ......
#.#).... #......@oS..#####oo.....
)..... +..l..o.....'...oo......
#.#.####.#...........#####.......
........ ########....# ......
........ ......... ##### ......##
#####...## ##.##.## #...#
.......# ##### ....##


You could see an iguana, an orc wizard, an adder and 3 orcs.

Vanquished Creatures
  A hound (D:5)
  An orc wizard (D:4)
  An iguana (D:5)
  A worker ant (D:4)
  2 adders
  4 gnolls
  2 oozes (D:3)
  A worm (D:5)
  3 dart slugs
  2 leopard geckos (D:3)
  An orc (D:4)
  6 bats
  2 giant cockroaches
  4 goblins
  4 hobgoblins
  3 jackals (D:3)
  8 kobolds
  A quokka (D:3)
  4 frilled lizards
  3 rats
54 creatures vanquished.

Notes
Turn   | Place    | Note
-------+----------+-------------------------------------------
     0 | D:1      | tidbits the Felid Air Elementalist began the quest for the Orb.
     0 | D:1      | Reached XP level 1. HP: 7/7 MP: 4/4
    61 | D:1      | Reached skill level 3 in Stealth
   128 | D:1      | Reached skill level 1 in Unarmed Combat
   167 | D:1      | Reached XP level 2. HP: 11/11 MP: 3/6
   442 | D:2      | Found a faded altar of an unknown god.
   628 | D:3      | Reached skill level 4 in Stealth
   639 | D:3      | Reached XP level 3. HP: 8/14 MP: 3/7
   880 | D:2      | Reached skill level 2 in Unarmed Combat
  1134 | D:3      | Reached XP level 4. HP: 17/18 MP: 5/8
  1168 | D:4      | Noticed an ogre
  1281 | D:4      | HP: 1/18 [gnoll/spear (7)]
  1283 | D:3      | Slain by a gnoll
  1284 | D:3      | Reached XP level 3. HP: -5/14 MP: 7/7
  1356 | D:3      | Reached skill level 5 in Stealth
  1411 | D:4      | Reached XP level 4. HP: 6/18 MP: 0/8
  1430 | D:4      | Reached skill level 3 in Unarmed Combat
  1558 | D:5      | Entered Level 5 of the Dungeon
  1705 | D:5      | Noticed a phantom
  1717 | D:5      | Noticed an ice beast
  1738 | D:5      | Reached skill level 6 in Stealth
  1738 | D:5      | Reached XP level 5. HP: 12/21 MP: 2/9
  2000 | D:4      | Slain by an orc

Skill      XL: |  1  2  3  4 |
---------------+-------------+-----
Stealth        | 3 4 5 6 |  6.4
Unarmed Combat | 1 2 3 |  3.9
Dodging        | |  2.6
Spellcasting   | |  2.0
Conjurations   | |  0.8
Air Magic      | |  2.6

Action                   |  1- 3 |  4- 6 || total
-------------------------+-------+-------++-------
Melee: Unarmed           |    35 |     8 ||    43
       Bite              |     2 |     1 ||     3
       Punch             |     1 |     1 ||     2
 Cast: Shock             |    49 |    36 ||    85
  Use: Scroll            |     3 |     4 ||     7
       Potion            |       |     6 ||     6
 Stab: Sleeping          |    15 |     3 ||    18
  Eat: Chunk             |     5 |     4 ||     9
Armor: Skin              |     5 |     3 ||     8
Dodge: Dodged            |    39 |    46 ||    85

Table legend:
 A = Turns spent in this place as a percentage of turns spent in the entire game.
 B = Non-inter-level travel turns spent in this place as a percentage of non-inter-level travel turns spent in the entire game.
 C = Inter-level travel turns spent in this place as a percentage of turns spent in this place.
 D = Turns resting spent in this place as a percentage of non-inter-level travel turns spent in this place.
 E = Turns spent auto-exploring this place as a percentage of non-inter-level travel turns spent in this place.
 F = Non-inter-level travel turns spent in this place divided by the number of levels of this place that you've seen.
                   A       B       C       D       E      F
               +-------+-------+-------+-------+-------+----------------------
         Total | 100.0 | 100.0 |   2.0 |   0.2 |   0.0 | 391.8
       Dungeon | 100.0 | 100.0 |   2.0 |   0.2 |   0.0 | 391.8
               +-------+-------+-------+-------+-------+----------------------

Table legend:
 A = Kills in this place as a percentage of kills in entire the game.
 B = Kills by you in this place as a percentage of kills by you in the entire game.
 C = Kills by friends in this place as a percentage of kills by friends in the entire game.
 D = Other kills in this place as a percentage of other kills in the entire game.
 E = Experience gained in this place as a percentage of experience gained in the entire game.
 F = Experience gained in this place divided by the number of levels of this place that you have seen.
                   A       B       C       D       E      F
               +-------+-------+-------+-------+-------+----------------------
         Total | 100.0 | 100.0 |   N/A |   N/A | 100.0 |  67.0
       Dungeon | 100.0 | 100.0 |   N/A |   N/A | 100.0 |  67.0
               +-------+-------+-------+-------+-------+----------------------

Vault maps used:
D:1:      dpeg_arrival_concentric_ovals, serial_glass, glass_columns_a,
          glass_columns_c, glass_columns_b, glass_columns_c, glass_columns_a,
          glass_columns_a, glass_columns_a, glass_columns_a
D:2:      chequers_ecumenical_altar_simple, first_ration, minmay_tall_x
D:4:      minmay_temple_entry_fiery, uniq_crazy_yiuf_cottage
D:5:      uniq_menkaure
